 Dungeon Crawl Stone Soup version 0.30-a0-222-ge547ba4400 (webtiles) character file.

Game seed: 4461202910960837396

37 Morbidden the Ruffian (level 3, -1/33 HPs)
             Began as a Troll Transmuter on Oct 8, 2022.
             Slain by Crazy Yiuf
             ... wielding a +3 quarterstaff of chaos
              (8 damage)
             ... on level 2 of the Dungeon.
             The game lasted 00:01:32 (1675 turns).

Morbidden the Ruffian (Troll Transmuter)            Turns: 1675, Time: 00:01:33

Health: -1/33      AC:  4    Str: 18    XL:     3   Next: 21%
Magic:  4/4        EV: 10    Int: 11    God:
Gold:   81         SH:  0    Dex: 16    Spells: 3/4 levels left

rFire   . . .      SeeInvis .      - Unarmed
rCold   . . .      Faith    .    (no shield)
rNeg    . . .      Spirit   .    a - +0 robe
rPois   .          Reflect  .    (helmet restricted)
rElec   .          Harm     .    i - scarf {shadows}
rCorr   .          Rampage  .    (gloves unavailable)
Will    .....                    (boots unavailable)
Stlth   +.........               (no amulet)
HPRegen 1.05/turn                f - +6 ring of dexterity
MPRegen 0.09/turn                (no ring)

@: slowed, very slow
A: large, unfitting armour, claws 3, regeneration 1, shaggy fur 1, tough skin 1
a: no special abilities


You were on level 2 of the Dungeon.
You visited 1 branch of the dungeon, and saw 2 of its levels.

You collected 81 gold pieces.

Inventory:

Missiles
 h - 3 javelins (quivered)
Armour
 a - a +0 robe (worn)
 i - a scarf of shadows (worn)
Jewellery
 f - a +6 ring of dexterity (left claw)
Scrolls
 e - a scroll of identify {unknown}
 g - a scroll of noise {unknown}
 k - a scroll of fear {unknown}
 m - a scroll of torment {unknown}
 n - a scroll of silence {unknown}
Potions
 b - a potion of lignification
 c - a potion of mutation {unknown}
 d - a potion of curing {unknown}
 j - a potion of haste {unknown}
 l - a potion of heal wounds {unknown}


   Skills:
 * Level 1.3 Fighting
 * Level 2.0 Dodging
 * Level 3.5 Unarmed Combat
 * Level 1.4 Spellcasting
 * Level 1.4 Transmutations


You had 3 spell levels left.
You knew the following spells:

 Your Spells              Type           Power      Damage    Failure   Level
a - Beastly Appendage     Tmut           8%         N/A       17%         1

Your spell library contained the following spells:

 Spells                   Type           Power      Damage    Failure   Level
 Wereblood                Tmut           4%         N/A       26%         2
 Ensorcelled Hibernation  Hex/Ice        0%         N/A       43%         2
 Scorch                   Fire           0%         2d5       43%         2
 Spider Form              Tmut/Pois      2%         N/A       56%         3
 Ice Form                 Ice/Tmut       2%         N/A       92%         4
 Anguish                  Hex/Necr       0%         N/A       97%         4
 Flame Wave               Conj/Fire      0%         2d4       97%         4
 Summon Cactus Giant      Summ           0%         N/A       100%        6


Dungeon Overview and Level Annotations

Branches:
Dungeon (2/15)

Altars:

Annotations:
D:2 Crazy Yiuf


Innate Abilities, Weirdness & Mutations

You are too large for most types of armour.
You have claws for hands.
Your natural rate of healing is unusually fast.
You are covered in fur. (AC +1)
You have tough skin. (AC +1)


Message History

Moving in this stuff is going to be slow.
Crazy Yiuf shouts!
Crazy Yiuf sings, "Trees, trees, trees, circus!"
Could not explore, unopened runed door.
Could not explore, unopened runed door.
Could not explore, unopened runed door.
Could not explore, unopened runed door.
Unknown command.
Okay, then.
Unknown command.
Press: ? - help, v - describe, . - travel
Here: Crazy Yiuf, wielding a +3 quarterstaff of chaos, wearing a +0 cloak and carrying a wand of roots (9) (fire blocked by a runed translucent door)
The floor.
Unknown command.
You open the door.
Crazy Yiuf zaps a wand.
The roots erupt in riotous growth!
The grasping roots grab you! The grasping roots constrict you.
The roots grasp on you weakens, but your attempt to escape fails.
The grasping roots constrict you.
Unknown command.
Unknown command.
You closely miss Crazy Yiuf.
Crazy Yiuf hits you with a +3 quarterstaff of chaos.
Crazy Yiuf freezes you. The grasping roots constrict you.
You barely miss Crazy Yiuf.
Crazy Yiuf hits you with a +3 quarterstaff of chaos.
Crazy Yiuf freezes you. The grasping roots constrict you.
* * * LOW HITPOINT WARNING * * *
The grasping roots release their grip on you.
Unknown command.
You scratch Crazy Yiuf.
Crazy Yiuf is moderately wounded.
Crazy Yiuf hits you with a +3 quarterstaff of chaos.
* * * LOW HITPOINT WARNING * * *
You feel yourself slow down.
Unknown command.
You barely miss Crazy Yiuf.
Crazy Yiuf is moderately wounded.
Crazy Yiuf hits you with a +3 quarterstaff of chaos!
You die...

#~~♣~P#. #.P~~~~. #PP♣♣PP~
#P~♣≈~PP ##~~≈≈♣P ##.~~≈♣♣
####♣♣ ### #..~P♣≈♣
##....♣♣ ♣♣#..)# #.#PP~~~
#......♣♣♣♣@g...#
###.#.~P~~
#.......♣..♣#...#
#.)..#.~P~ #......♣.♣♣♣ ###
##.#...PP. ##.##♣♣♣♣♣
#...###.. #.# ##### #.. #.#
########### ##.
#.####.##......###### ####.
#......##.##.##.....###....
######.......##.....##.#..#


You could see Crazy Yiuf.

Vanquished Creatures
  2 dart slugs (D:1)
  An endoplasm (D:1)
  A giant cockroach (D:2)
  3 goblins
  4 jackals (D:1)
  3 quokkas (D:1)
  7 ball pythons
  4 bats
  3 frilled lizards
  3 kobolds
  4 rats
35 creatures vanquished.

Notes
Turn   | Place    | Note
-------+----------+-------------------------------------------
     0 | D:1      | Morbidden the Troll Transmuter began the quest for the Orb.
     0 | D:1      | Reached XP level 1. HP: 18/18 MP: 1/1
   183 | D:1      | Reached skill level 1 in Fighting
   209 | D:1      | Reached XP level 2. HP: 20/27 MP: 3/3
   960 | D:2      | Reached XP level 3. HP: 33/33 MP: 4/4
  1561 | D:2      | Found a runed translucent door.
  1562 | D:2      | Noticed Crazy Yiuf
  1675 | D:2      | Slain by Crazy Yiuf

Illustrated notes

Levels and vault maps discovered:
D:1:      dpeg_arrival_rooms_a, layout_basic
D:2:      layout_loops_cross, serial_bayou_lagoon_a, serial_park_tiny_2,
          kennysheep_potato, uniq_crazy_yiuf_cottage

Skill      XL: |  1  2  3 |
---------------+----------+-----
Fighting       | 1 |  1.3
Dodging        | 2 |  2.0
Unarmed Combat | |  3.5
Spellcasting   | |  1.4
Transmutations | |  1.4

Action                   || total
-------------------------++-------
Melee: Unarmed           ||   122
       Punch             ||     2
 Cast: Beastly Appendage ||     1
 Stab: Sleeping          ||     3
Armor: Robe              ||    57
Dodge: Dodged            ||    73

Table legend: (Time is in decaauts)
 A = Elapsed time spent in this place.
 B = Non-inter-level travel time spent in this place.
 C = Inter-level travel time spent in this place.
 D = Time resting spent in this place.
 E = Time spent auto-exploring this place.
 F = Levels seen in this place.
 G = Mean time per level.
                   A        B        C        D        E       F      G
               +--------+--------+--------+--------+--------+-----+--------+
         Total |   1681 |   1653 |     28 |    104 |   1290 |   2 |  840.5 |
       Dungeon |   1681 |   1653 |     28 |    104 |   1290 |   2 |  840.5 |
               +--------+--------+--------+--------+--------+-----+--------+

Top non-repeatable levels by time:
     D:1: 948 daAuts
     D:2: 733 daAuts
